 Dungeon Crawl Stone Soup version 0.19.1 (webtiles) character file.

24 SQman the Skirmisher (level 2, 0/28 HPs)
             Began as a Centaur Wanderer on Dec 16, 2016.
             Succumbed to an adder's poison
             ... on level 2 of the Dungeon.
             The game lasted 00:05:46 (972 turns).

SQman the Skirmisher (Centaur Wanderer)              Turns: 972, Time: 00:05:46

Health: 0/28       AC:  4    Str: 12    XL:     2   Next: 79%
Magic:  3/3        EV:  9    Int: 16    God:
Gold:   65         SH:  0    Dex:  5    Spells: 2 memorised, 1 level left

rFire  . . .     SeeInvis .     e - +0 club
rCold  . . .     Gourm    .     i - +0 robe
rNeg   . . .     Faith    .     (no shield)
rPois  .         Spirit   .     (no helmet)
rElec  .         Reflect  .     (no cloak)
rCorr  .         Harm     .     (no gloves)
MR     .....                    (no barding)
Stlth  ..........               (no amulet)
                                (no ring)
                                (no ring)

@: lethally poisoned (0 -> -5), very quick
A: hooves 3, deformed body, speed 2, tough skin 3
a: no special abilities


You were on level 2 of the Dungeon.
You were not hungry.

You visited 1 branch of the dungeon, and saw 2 of its levels.

You collected 65 gold pieces.

Inventory:

Hand Weapons
 e - a +0 club (weapon)
 g - a +0 hunting sling
Missiles
 h - 30 stones (quivered)
 j - 31 arrows
 m - 14 sling bullets
Armour
 c - a +0 buckler
 d - a +0 robe
 i - a +0 robe (worn)
 n - a +0 robe
Potions
 l - 2 potions of might
Books
 a - a book of Changes

   Spells                             Type                      Level
   a - Beastly Appendage              Transmutation                1
   b - Sticks to Snakes               Transmutation                2
   c - Spider Form                    Transmutation/Poison         3
   d - Ice Form                       Ice/Transmutation            4
   e - Blade Hands                    Transmutation                5
 b - the Handbook of Sinister Secrets

   Spells                             Type                      Level
   a - Animate Skeleton               Necromancy                   1
   b - Vampiric Draining              Necromancy                   3
Comestibles
 f - 2 bread rations
 k - 3 chunks of flesh


   Skills:
 + Level 4.5 Fighting
 + Level 0.6 Maces & Flails
   Level 1.3 Bows
 + Level 1.1 Throwing
 + Level 0.2 Dodging
 + Level 1.0 Shields
 + Level 1.1 Spellcasting
   Level 1.0 Charms
 + Level 1.0 Transmutations


You had one spell level left.
You knew the following spells:

 Your Spells              Type           Power        Failure   Level  Hunger
a - Animate Skeleton      Necr           N/A          24%         1    ##.....
b - Beastly Appendage     Tmut           #.....       17%         1    ##.....


Dungeon Overview and Level Annotations

Branches:
Dungeon (2/15)

Altars:


Innate Abilities, Weirdness & Mutations

You have hooves in place of feet.
Armour fits poorly on your strangely shaped body.
You cover ground very quickly.
You have extremely tough skin. (AC +3)


Message History

* * * LOW HITPOINT WARNING * * *
The adder closely misses you. The giant cockroach closely misses you.
You closely miss the adder.
The adder is moderately wounded.
The leopard gecko bites you but does no damage.
The adder closely misses you. The giant cockroach bites you.
* * * LOW HITPOINT WARNING * * *
The leopard gecko bites you but does no damage.
The adder barely misses you.
The giant cockroach bites you but does no damage.
You closely miss the adder. Your kick misses the adder.
The adder is moderately wounded.
The adder bites you.
* * * LOW HITPOINT WARNING * * *
You are lethally poisoned!
The adder poisons you! The leopard gecko barely misses you.
The giant cockroach bites you but does no damage.
You miss the adder.
The adder is moderately wounded.
You die...

#######
##.....##
##.......##
#.........#
#...@.....#
#..Ssl....#
#$....(...#
#(........#
##.......##
........(#
..........#
...........#


You could see an adder, a leopard gecko and a giant cockroach.

Vanquished Creatures
  A leopard gecko (D:1)
  A bat zombie (D:1)
  6 goblins (D:1)
  5 hobgoblins (D:1)
  3 bats
  A giant cockroach zombie (D:1)
  A kobold (D:1)
  3 rats (D:1)
21 creatures vanquished.

Notes
Turn   | Place    | Note
-------+----------+-------------------------------------------
     0 | D:1      | SQman the Centaur Wanderer began the quest for the Orb.
     0 | D:1      | SQman set off with: a book of Changes, the Handbook of Sinister Secrets, a +0 buckler, a +0 robe, a +0 club, a bread ration
     0 | D:1      | Reached XP level 1. HP: 20/20 MP: 2/2
     3 | D:1      | Learned a level 1 spell: Animate Skeleton
     5 | D:1      | Learned a level 1 spell: Beastly Appendage
   480 | D:1      | Reached XP level 2. HP: 27/27 MP: 3/3
   971 | D:2      | HP: 1/28 [adder (5)]
   972 | D:2      | Succumbed to an adder's poison

Action                   || total
-------------------------++-------
Melee: Club              ||    84
       Kick              ||    10
 Fire: Hunting sling     ||     5
 Cast: Beastly Appendage ||     1
       Animate Skeleton  ||     2
  Use: Potion            ||     3
       Scroll            ||     2
 Stab: Sleeping          ||     1
Armor: Robe              ||    57
Dodge: Dodged            ||    77
